AoeStats
← ndyer98

Nomad

509990841Analyzed
2v2 RM · 2d ago on Sep 28, 2026· 62m 19s· 4 players
Game mode
Random Map
Map size
176×176
Population
200
Speed
Normal
Resources
Standard
Victory
Conquest
Starting age
Dark Age
Ending age
Imperial Age
RankedLock teamsTeams togetherTeam positionsShared explorationLock speedFull tech treeHidden civsTurbo modeCheats
Victory
Defeat
🇨🇦 Turks · Canada
526
+12
🇦🇷 Wei · Argentina
348
+19
🇺🇸 Wu · United States
443
-16
🇮🇹 Inca · Italy
415
-15
ndyer98
17:08 Feudal Age
18:46 Wheelbarrow
18:02 Double-Bit Axe
18:20 Horse Collar
23:01 Stone Mining
23:15 Gold Mining
29:50 Castle Age
34:08 Hand Cart
33:30 Pikeman
34:12 Squires
33:58 Arson
34:16 Padded Archer Armor
34:07 Fletching
34:18 Scale Mail Armor
34:28 Forging
34:33 Heavy Plow
35:38 Bodkin Arrow
35:59 Leather Archer Armor
41:01 Imperial Age
39:11 Caravan
40:58 Ballistics
41:37 Elite Fire Archer
42:42 Bracer
43:24 Gold Shaft Mining
44:37 Chemistry
47:03 Red Cliffs Tactics
47:26 Conscription
48:04 Stone Shaft Mining
49:46 Sitting Tiger
cbarattic
14:09 Loom
15:58 Feudal Age
17:17 Double-Bit Axe
17:13 Horse Collar
17:27 Gold Mining
17:28 Stone Mining
18:08 Arson
19:07 Fishing Lines
21:14 Wheelbarrow
25:22 Castle Age
26:31 Hand Cart
26:31 Bow Saw
28:06 Fletching
28:20 Scale Mail Armor
28:25 Squires
27:53 Elite Skirmisher
28:55 Gillnets
28:27 Demolition Ship
29:20 Medium Warships
30:39 Heavy Plow
31:15 Stone Shaft Mining
31:55 Pikeman
35:07 Padded Archer Armor
38:57 Andean Sling
40:08 Ballistics
39:30 Treadmill Crane
39:41 Guard Tower
39:37 Crossbowman
41:58 Gold Shaft Mining
46:47 Imperial Age
48:48 Thumb Ring
50:02 Chemistry
50:18 Conscription
56:50 Arrowslits
56:55 Champi Runner
61:56 Keep
JetTitan514
17:30 Feudal Age
25:35 Castle Age
26:58 Crossbowman
39:42 Imperial Age
37:49 Horse Collar
40:21 Scale Barding Armor
40:26 Forging
40:17 Scale Mail Armor
40:20 Padded Archer Armor
40:26 Elite Janissary
42:55 Bloodlines
42:46 Husbandry
44:55 Wheelbarrow
45:52 Double-Bit Axe
47:12 Medium Warships
48:12 Bombard Tower
47:35 Elite Cannon Galleon
48:39 Artillery
49:18 Hand Cart
52:00 Chain Barding Armor
52:16 Iron Casting
51:57 Chain Mail Armor
52:02 Leather Archer Armor
Pilchu
3:40 Loom
14:34 Feudal Age
24:15 Castle Age
25:49 Double-Bit Axe
25:58 Gold Mining
28:17 Squires
29:12 Horse Collar
32:08 Heavy Plow
37:06 Husbandry
40:08 Imperial Age
37:55 Pikeman
40:01 Ballistics
39:51 Scale Barding Armor
40:02 Forging
41:54 Chemistry
40:59 Scale Mail Armor
42:41 Iron Casting
44:00 Crop Rotation
43:52 Chain Mail Armor
43:48 Capped Ram
43:53 Heavy Hei Guang Cavalry
46:01 Halberdier
46:59 Demolition Ship
51:22 Chain Barding Armor
52:06 Blast Furnace
52:48 Siege Ram
57:16 Elite Tiger Cavalry
58:25 Padded Archer Armor
Connection lost

Rejoining the realm…

Still unreachable

The connection could not be restored.

Session expired

The server has moved on; the page needs a fresh start.